[Event "RUS-chT Premier 2021"]
[White "Askerov,Marat"]
[Black "Sakaev,Konstantin"]
[WhiteTeam "СШОР"]
[BlackTeam "Медный всадник"]
[Site "Sochi"]
[Round "2.17"]
[Annotator "ChessBase"]
[Result "0-1"]
[Date "2021.05.02"]
[WhiteElo "2353"]
[BlackElo "2604"]
[PlyCount "76"]
[TimeControl "60"]

1. d4 d5 2. c4 e6 3. Nc3 c6 4. cxd5 exd5 5. Bf4 Bf5 6. e3 Nf6 7. h3 Qb6 8. Qc1 Nbd7 9. Nf3 Be7 10. Be2 0-0 11. 0-0 h6 12. Rd1 a5 13. Bd3 Bxd3 14. Rxd3 Qd8 15. Rd1 Nb6 16. Qc2 Re8 17. Ne5 Bf8 18. Nd3 Nfd7 19. Na4 Nxa4 20. Qxa4 Nb6 21. Qc2 Nc4 22. Nc5 Ra7 23. b3 Nd6 24. a3 Nb5 25. Qb2 Bxc5 26. dxc5 a4 27. b4 Ra8 28. Rd3 Qh4 29. Rad1 Re6 30. Qc2 Qf6 31. Kh2 h5 32. Kg1 h4 33. Bh2 Re4 34. Qd2 Rae8 35. f3 Rc4 36. Kf2 Nc3 37. Bf4 Nxd1+ 38. Qxd1 Qb2+ 0-1

[Event "RUS-chT Premier 2021"]
[White "Ponkratov,Pavel"]
[Black "Timerkhanov,Alexander"]
[WhiteTeam "Медный всадник"]
[BlackTeam "СШОР"]
[Site "Sochi"]
[Round "2.18"]
[Annotator "ChessBase"]
[Result "1-0"]
[Date "2021.05.02"]
[WhiteElo "2619"]
[BlackElo "2400"]
[PlyCount "63"]
[TimeControl "60"]

1. d4 d5 2. c4 c6 3. Nc3 Nf6 4. Nf3 a6 5. e3 Bf5 6. Nh4 Be6 7. Be2 g5 8. Nf3 g4 9. Ne5 Rg8 10. Qb3 Ra7 11. cxd5 cxd5 12. Bd2 Bh6 13. Rc1 Kf8 14. Qa3 Ra8 15. Nb5 Nbd7 16. Ba5 Qb8 17. Nc7 Ra7 18. Nxd7+ Nxd7 19. Bb4 Bg5 20. Nxe6+ fxe6 21. Bxg4 Kf7 22. Bh5+ Kf8 23. 0-0 a5 24. f4 Bh4 25. Bd2 Nf6 26. Bf3 Kf7 27. Qd3 Qf8 28. Rc7 Qh6 29. f5 Ne8 30. fxe6+ Kg7 31. Rd7 Qxe6 32. Bxd5 1-0

[Event "RUS-chT Premier 2021"]
[White "Predke,Alexandr"]
[Black "Andreikin,Dmitry"]
[WhiteTeam "Шахматная сборная Москвы"]
[BlackTeam "КПРФ"]
[Site "Sochi"]
[Round "2.19"]
[Annotator "ChessBase"]
[Result "1/2-1/2"]
[Date "2021.05.02"]
[WhiteElo "2690"]
[BlackElo "2725"]
[PlyCount "129"]
[TimeControl "60"]

1. d4 d5 2. c4 e6 3. Nf3 Nf6 4. g3 Bb4+ 5. Bd2 Be7 6. Bg2 0-0 7. 0-0 Nbd7 8. Qc2 c6 9. a4 a5 10. Bf4 Nh5 11. Bc1 Nhf6 12. Bf4 Nh5 13. Bc1 Nhf6 14. b3 b6 15. Bb2 Bb7 16. Nc3 Bb4 17. Rfd1 Rc8 18. Ne5 Qe7 19. Nxd7 Qxd7 20. Na2 Be7 21. Nc1 c5 22. dxc5 bxc5 23. e3 d4 24. exd4 Bxg2 25. Kxg2 Qb7+ 26. f3 Ng4 27. Re1 Bg5 28. Nd3 Rfd8 29. Bc3 Ne3+ 30. Rxe3 Bxe3 31. dxc5 Bd4 32. Re1 Bxc3 33. Qxc3 Rb8 34. Rb1 Qc6 35. Rd1 Qc7 36. Re1 Qb7 37. Rb1 Qc6 38. Rd1 Qc8 39. Re1 f6 40. h4 e5 41. b4 axb4 42. Nxb4 Ra8 43. c6 Rxa4 44. Re2 Kh8 45. Rb2 h6 46. Qc2 Ra7 47. Qf2 Ra1 48. Qb6 e4 49. fxe4 Rdd1 50. Nd5 Rg1+ 51. Qxg1 Rxg1+ 52. Kxg1 Qxc6 53. Rc2 Qc5+ 54. Kf1 Qd4 55. Ke2 Qxe4+ 56. Ne3 g5 57. c5 f5 58. Rc4 Qe6 59. hxg5 hxg5 60. Kd3 Qd7+ 61. Ke2 Qe6 62. c6 f4 63. gxf4 gxf4 64. Rxf4 Qxc6 65. Rf5 1/2-1/2

[Event "RUS-chT Premier 2021"]
[White "Dreev,Aleksey"]
[Black "Malakhov,Vladimir"]
[WhiteTeam "КПРФ"]
[BlackTeam "Шахматная сборная Москвы"]
[Site "Sochi"]
[Round "2.20"]
[Annotator "ChessBase"]
[Result "1/2-1/2"]
[Date "2021.05.02"]
[WhiteElo "2647"]
[BlackElo "2665"]
[PlyCount "34"]
[TimeControl "60"]

1. d4 d5 2. c4 c6 3. Nf3 Nf6 4. e3 g6 5. Nc3 Bg7 6. Bd3 0-0 7. 0-0 Bg4 8. h3 Bxf3 9. Qxf3 e6 10. Rd1 Nbd7 11. Bd2 Re8 12. Be1 a6 13. Rac1 Rc8 14. a3 Qe7 15. Bf1 h5 16. Qg3 b5 17. cxd5 cxd5 1/2-1/2

[Event "RUS-chT Premier 2021"]
[White "Inarkiev,Ernesto"]
[Black "Alekseev,Evgeny"]
[WhiteTeam "Шахматная сборная Москвы"]
[BlackTeam "КПРФ"]
[Site "Sochi"]
[Round "2.21"]
[Annotator "ChessBase"]
[Result "1/2-1/2"]
[Date "2021.05.02"]
[WhiteElo "2654"]
[BlackElo "2619"]
[PlyCount "71"]
[TimeControl "60"]

1. e4 c5 2. Nf3 e6 3. d4 cxd4 4. Nxd4 Nc6 5. Nc3 a6 6. Be2 d6 7. Be3 Nf6 8. f4 d5 9. e5 Nd7 10. Qd2 Bc5 11. Nb3 Bb4 12. Bd3 Qc7 13. 0-0 0-0 14. Qf2 Be7 15. a3 b6 16. Rae1 Rb8 17. Qg3 f5 18. exf6 Nxf6 19. Nd4 Bd7 20. Kh1 b5 21. Bg1 b4 22. axb4 Nxd4 23. Bxd4 Bxb4 24. Qh4 h6 25. Re3 Bc5 26. Be5 Bd6 27. Qg3 Bxe5 28. fxe5 Ne4 29. Rxf8+ Rxf8 30. Nxe4 dxe4 31. Rxe4 Qxc2 32. h3 Qxb2 33. Qg6 Qc1+ 34. Kh2 Qg5 35. Qxg5 hxg5 36. Bxa6 1/2-1/2

[Event "RUS-chT Premier 2021"]
[White "Zvjaginsev,Vadim"]
[Black "Sjugirov,Sanan"]
[WhiteTeam "КПРФ"]
[BlackTeam "Шахматная сборная Москвы"]
[Site "Sochi"]
[Round "2.22"]
[Annotator "ChessBase"]
[Result "1/2-1/2"]
[Date "2021.05.02"]
[WhiteElo "2614"]
[BlackElo "2663"]
[PlyCount "75"]
[TimeControl "60"]

1. c4 e5 2. Nc3 Nf6 3. Nf3 Nc6 4. a3 g6 5. g3 Bg7 6. Bg2 0-0 7. 0-0 Re8 8. d3 e4 9. dxe4 Nxe4 10. Nxe4 Rxe4 11. Ng5 Re7 12. Ne4 h6 13. Bd2 d6 14. Bc3 Re8 15. Bxg7 Kxg7 16. b4 Qe7 17. b5 Nd8 18. a4 Ne6 19. a5 Rb8 20. b6 axb6 21. axb6 Rd8 22. bxc7 Nxc7 23. Qd4+ Qe5 24. Rfd1 Qxd4 25. Rxd4 b5 26. Rxd6 Rxd6 27. Nxd6 bxc4 28. Nxc4 Ba6 29. Ne5 Bxe2 30. f4 Ba6 31. Rc1 Ne8 32. Bd5 f6 33. Nc6 Rb5 34. Bf3 Rb2 35. Nd8 Rd2 36. Ne6+ Kf7 37. Nc5 Bc8 38. Ne4 1/2-1/2

[Event "RUS-chT Premier 2021"]
[White "Sarana,Alexey"]
[Black "Rublevsky,Sergei"]
[WhiteTeam "Шахматная сборная Москвы"]
[BlackTeam "КПРФ"]
[Site "Sochi"]
[Round "2.23"]
[Annotator "ChessBase"]
[Result "1/2-1/2"]
[Date "2021.05.02"]
[WhiteElo "2649"]
[BlackElo "2642"]
[PlyCount "139"]
[TimeControl "60"]

1. d4 d5 2. Nf3 Nf6 3. c4 c6 4. Nc3 dxc4 5. g3 g6 6. Bg2 Bg7 7. 0-0 0-0 8. e4 b5 9. Qe2 b4 10. Na4 Qa5 11. Nc5 Na6 12. e5 Nd5 13. Qxc4 Nxc5 14. Qxc5 Qxc5 15. dxc5 Bf5 16. Nd4 Rac8 17. Re1 Rfd8 18. Bg5 h6 19. Bd2 e6 20. a3 a5 21. axb4 axb4 22. Ra5 Bd3 23. h4 Ne7 24. Nf3 b3 25. Ra7 Nf5 26. Rb7 Bc2 27. Bc3 Bf8 28. g4 Ne7 29. Nd4 Nd5 30. Ba5 Re8 31. Bxd5 exd5 32. e6 fxe6 33. Nxe6 Re7 34. Rxe7 Bxe7 35. Nd4 Bxc5 36. Nxc2 bxc2 37. Rc1 Ra8 38. Bd2 Ra4 39. Rxc2 Rxg4+ 40. Kf1 Rc4 41. Rxc4 dxc4 42. Bxh6 Bd4 43. Bc1 Bf6 44. Ke2 Bxh4 45. Bd2 Kf7 46. Ke3 Kf6 47. f3 Ke5 48. Bc3+ Kf5 49. Kd4 Kf4 50. Kxc4 Be7 51. b4 Kxf3 52. Bd2 Ke4 53. Bc1 Bd6 54. Bg5 Kf5 55. Bd8 Ke6 56. Bg5 Be7 57. Bd2 Kf5 58. Bc1 Ke5 59. Bd2 Kd6 60. Bf4+ Kd7 61. b5 cxb5+ 62. Kxb5 Ke6 63. Kc4 Kf5 64. Bh6 Bg5 65. Bf8 Ke4 66. Kc3 Bh4 67. Kd2 Kf3 68. Kd1 Kf2 69. Bc5+ Kf1 70. Be3 1/2-1/2

[Event "RUS-chT Premier 2021"]
[White "Sychev,Klementy"]
[Black "Najer,Evgeniy"]
[WhiteTeam "КПРФ"]
[BlackTeam "Шахматная сборная Москвы"]
[Site "Sochi"]
[Round "2.24"]
[Annotator "ChessBase"]
[Result "1/2-1/2"]
[Date "2021.05.02"]
[WhiteElo "2572"]
[BlackElo "2648"]
[PlyCount "62"]
[TimeControl "60"]

1. d4 Nf6 2. c4 e6 3. Nc3 Bb4 4. Bf4 0-0 5. Qb3 Nc6 6. e3 d5 7. Nf3 dxc4 8. Bxc4 Bd6 9. Bg5 Na5 10. Qa4 Nxc4 11. Qxc4 h6 12. Bh4 b6 13. Ne5 Bb7 14. 0-0 g5 15. Bg3 Nh5 16. Rad1 Nxg3 17. hxg3 Kg7 18. b4 Qe7 19. Nd3 f5 20. Rfe1 a5 21. b5 Rad8 22. e4 fxe4 23. Nxe4 Bd5 24. Qc2 Qf7 25. Re2 Qf5 26. Rde1 Rd7 27. Re3 Rdf7 28. a4 Bb4 29. R1e2 Bd6 30. Re1 Bb4 31. R1e2 Bd6 1/2-1/2

[Event "RUS-chT Premier 2021"]
[White "Murzin,Volodar"]
[Black "Potkin,Vladimir"]
[WhiteTeam "Гоголевский, 14"]
[BlackTeam "КПРФ"]
[Site "Sochi"]
[Round "5.5"]
[Annotator "ChessBase"]
[Result "1-0"]
[Date "2021.05.05"]
[WhiteElo "2478"]
[BlackElo "2578"]
[PlyCount "114"]
[TimeControl "60"]

1. e4 c5 2. Nf3 e6 3. g3 Nc6 4. Bg2 Nf6 5. Qe2 e5 6. 0-0 Be7 7. Nc3 d6 8. Nd5 0-0 9. c3 Nxd5 10. exd5 Nb8 11. d4 cxd4 12. cxd4 exd4 13. Nxd4 Bf6 14. Be3 Re8 15. Qd2 Bd7 16. b4 Na6 17. Rfc1 h5 18. Rab1 h4 19. Rc4 h3 20. Bf3 Nc7 21. b5 Rc8 22. a4 Nxb5 23. Rxc8 Nxd4 24. Rxd8 Nxf3+ 25. Kh1 Rxd8 26. Qd1 Ne5 27. Bd4 Bg4 28. Qb3 Rc8 29. Qxb7 Rc2 30. Bxe5 Bxe5 31. Qxa7 Bf3+ 32. Kg1 Bxd5 33. Qa5 Bg2 34. Qd8+ Kh7 35. Qh4+ Kg6 36. Re1 f5 37. Qb4 Rb2 38. Qc4 d5 39. Qc6+ Bf6 40. Qe8+ Kh6 41. Qc8 Kg5 42. Qc1+ Kg6 43. Qf4 Bg5 44. Re6+ Bf6 45. f3 Rb3 46. Kf2 d4 47. g4 fxg4 48. fxg4 Kf7 49. Rxf6+ gxf6 50. Qxd4 Kg6 51. Qf4 Rb6 52. Qc4 Rc6 53. Qg8+ Kh6 54. Ke3 Ra6 55. Qc4 Ra5 56. Kf4 Re5 57. Qf7 Re1 1-0

[Event "RUS-chT Premier 2021"]
[White "Sychev,Klementy"]
[Black "Savchenko,Boris"]
[WhiteTeam "КПРФ"]
[BlackTeam "Гоголевский, 14"]
[Site "Sochi"]
[Round "5.6"]
[Annotator "ChessBase"]
[Result "1/2-1/2"]
[Date "2021.05.05"]
[WhiteElo "2572"]
[BlackElo "2552"]
[PlyCount "81"]
[TimeControl "60"]

1. e4 c5 2. Nf3 d6 3. d4 cxd4 4. Nxd4 Nf6 5. Nc3 a6 6. Bg5 Nbd7 7. Bc4 Qb6 8. Qd2 Qxb2 9. 0-0 Qb4 10. Bb3 e6 11. Rad1 Qa5 12. Rfe1 Be7 13. Nd5 Bd8 14. Qc1 exd5 15. exd5+ Ne5 16. f4 Nfg4 17. fxe5 Nxe5 18. Bxd8 Qxd8 19. Nf3 f6 20. Nxe5 fxe5 21. Rf1 Bg4 22. Rde1 Rf8 23. Qe3 Qd7 24. Qb6 Rc8 25. h3 Bf5 26. Ba4 Qxa4 27. Qxd6 Qd4+ 28. Kh1 g6 29. Rxe5+ Kf7 30. g4 Qc3 31. gxf5 Qxh3+ 32. Kg1 Qg3+ 33. Kh1 Qh3+ 34. Kg1 Qg3+ 35. Kh1 Kg8 36. f6 Qh3+ 37. Kg1 Qg3+ 38. Kh1 Qh4+ 39. Kg1 Qg4+ 40. Kh1 Qh4+ 41. Kg1 1/2-1/2

[Event "RUS-chT Premier 2021"]
[White "Pershin,Denis"]
[Black "Antipov,Mikhail Al."]
[WhiteTeam "СШОР"]
[BlackTeam "Wildberries Молодёжка"]
[Site "Sochi"]
[Round "5.16"]
[Annotator "ChessBase"]
[Result "1-0"]
[Date "2021.05.05"]
[WhiteElo "2391"]
[BlackElo "2609"]
[PlyCount "67"]
[TimeControl "60"]

1. d4 Nf6 2. c4 e6 3. Nc3 Bb4 4. Qc2 0-0 5. e4 d6 6. e5 Bxc3+ 7. Qxc3 Ne4 8. Qc2 f5 9. exf6 Nxf6 10. Nf3 e5 11. dxe5 dxe5 12. Be3 e4 13. Nd2 Nc6 14. h3 Qe7 15. Qc3 Bf5 16. Be2 Nd7 17. 0-0 Rae8 18. Rfe1 Qh4 19. Nf1 Kh8 20. Rad1 Be6 21. b3 b6 22. Ng3 Nde5 23. Bd4 Bc8 24. Bh5 g6 25. Bxe5+ Rxe5 26. Rxe4 Qf6 27. Rxe5 Nxe5 28. Re1 Re8 29. Ne4 Qg7 30. Bd1 Bf5 31. Qd2 Nxc4 32. bxc4 Rxe4 33. Rxe4 Bxe4 34. Qd8+ 1-0

[Event "RUS-chT Premier 2021"]
[White "Yuffa,Daniil"]
[Black "Askerov,Marat"]
[WhiteTeam "Wildberries Молодёжка"]
[BlackTeam "СШОР"]
[Site "Sochi"]
[Round "5.17"]
[Annotator "ChessBase"]
[Result "1/2-1/2"]
[Date "2021.05.05"]
[WhiteElo "2584"]
[BlackElo "2353"]
[PlyCount "83"]
[TimeControl "60"]

1. g3 d5 2. Nf3 Bg4 3. Ne5 Bf5 4. c4 Nd7 5. Nxd7 Qxd7 6. Qb3 0-0-0 7. Nc3 d4 8. Bg2 c6 9. Ne4 e5 10. d3 Bh3 11. Bxh3 Qxh3 12. Qa4 a6 13. Qa5 Nf6 14. Bg5 Qe6 15. b4 Be7 16. Bxf6 gxf6 17. b5 axb5 18. cxb5 Qd5 19. Qa8+ Kc7 20. Qa5+ Kb8 21. 0-0 f5 22. Nd2 Qxb5 23. Qxb5 cxb5 24. a3 Rd5 25. Ra2 Rc8 26. Rb1 Rc3 27. Rab2 Bg5 28. f4 exf4 29. Nf3 Bh6 30. Rxb5 Rxb5 31. Rxb5 fxg3 32. hxg3 Rxa3 33. Rxf5 Be3+ 34. Kg2 Ra2 35. Kf1 Ra1+ 36. Kg2 Ra2 37. Kf1 h6 38. Rxf7 Ra1+ 39. Kg2 Ra2 40. Kf1 Ra1+ 41. Kg2 Ra2 42. Kf1 1/2-1/2

[Event "RUS-chT Premier 2021"]
[White "Saveliev,Alexei"]
[Black "Kryakvin,Dmitry"]
[WhiteTeam "СШОР"]
[BlackTeam "Wildberries Молодёжка"]
[Site "Sochi"]
[Round "5.18"]
[Annotator "ChessBase"]
[Result "1-0"]
[Date "2021.05.05"]
[WhiteElo "2358"]
[BlackElo "2577"]
[PlyCount "105"]
[TimeControl "60"]

1. e4 e5 2. Nf3 Nf6 3. Nxe5 d6 4. Nf3 Nxe4 5. Qe2 Qe7 6. d3 Nf6 7. Bg5 Nbd7 8. c4 h6 9. Be3 Ng4 10. Bd2 Nc5 11. Qxe7+ Bxe7 12. b4 Bf6 13. Nc3 Na4 14. d4 Nxc3 15. Bxc3 h5 16. h3 Nh6 17. Bd3 Bf5 18. Kd2 Kd7 19. a4 h4 20. Rhe1 g5 21. Bxf5+ Nxf5 22. d5 Bxc3+ 23. Kxc3 Rhg8 24. Re4 Rae8 25. Rae1 Rxe4 26. Rxe4 f6 27. Nd4 Nxd4 28. Kxd4 f5 29. Re6 Re8 30. Rf6 Re5 31. Rf7+ Kd8 32. a5 a6 33. Kd3 g4 34. f4 Re1 35. Rxf5 gxh3 36. gxh3 Rh1 37. Rh5 Rxh3+ 38. Ke4 Rh1 39. Rh8+ Kd7 40. Rh7+ Kd8 41. Kf5 Rc1 42. c5 dxc5 43. bxc5 Rd1 44. Ke6 Re1+ 45. Kf6 Rd1 46. f5 Rd4 47. Ke5 Rc4 48. f6 Ke8 49. Rxc7 h3 50. Rh7 Rc3 51. Rxb7 Re3+ 52. Kd6 Rf3 53. Ke5 1-0

[Event "RUS-chT Premier 2021"]
[White "Petrov,Nikita"]
[Black "Truskavetsky,Alexandr"]
[WhiteTeam "Школа М. Ботвинника"]
[BlackTeam "Киммерия"]
[Site "Sochi"]
[Round "5.19"]
[Annotator "ChessBase"]
[Result "1/2-1/2"]
[Date "2021.05.05"]
[WhiteElo "2567"]
[BlackElo "2387"]
[PlyCount "86"]
[TimeControl "60"]

1. e4 c5 2. Nf3 Nc6 3. Bb5 e6 4. Bxc6 bxc6 5. d3 Ne7 6. Nbd2 d6 7. e5 d5 8. b3 h5 9. h4 Nf5 10. Bb2 Be7 11. g3 c4 12. dxc4 Ba6 13. Nd4 Nxd4 14. Bxd4 dxc4 15. Nxc4 Qd5 16. 0-0 Bxc4 17. bxc4 Qxc4 18. Qd3 Qxd3 19. cxd3 Kd7 20. Rfb1 Kc7 21. Rc1 Rhb8 22. Rc3 a5 23. Rac1 Ra6 24. a4 Rb4 25. Rc4 Rxc4 26. Rxc4 Bb4 27. Be3 Kd7 28. g4 g6 29. gxh5 gxh5 30. Bc5 Bxc5 31. Rxc5 Ra8 32. f3 Kc7 33. Kf2 Kb6 34. Rc4 Rd8 35. Ke3 Rd5 36. Ke4 c5 37. f4 Kc6 38. Ke3 Rd8 39. Ke4 Kb6 40. d4 Rxd4+ 41. Rxd4 cxd4 42. Kxd4 Kc6 43. Kc4 Kb6 1/2-1/2

[Event "RUS-chT Premier 2021"]
[White "Musalov,Ruslan"]
[Black "Zakhartsov,Vladimir"]
[WhiteTeam "Киммерия"]
[BlackTeam "Школа М. Ботвинника"]
[Site "Sochi"]
[Round "5.20"]
[Annotator "ChessBase"]
[Result "0-1"]
[Date "2021.05.05"]
[WhiteElo "2359"]
[BlackElo "2486"]
[PlyCount "120"]
[TimeControl "60"]

1. Nf3 Nf6 2. g3 d5 3. Bg2 g6 4. 0-0 Bg7 5. c4 c6 6. cxd5 cxd5 7. Qa4+ Nbd7 8. Nc3 0-0 9. d4 Nb6 10. Qb3 Nc4 11. Bf4 e6 12. Rfd1 a6 13. Ne5 b5 14. a4 Nh5 15. Bc1 bxa4 16. Rxa4 Nxe5 17. dxe5 Bxe5 18. e4 Bd7 19. exd5 Bxa4 20. Qxa4 Qe8 21. d6 Qxa4 22. Nxa4 Rab8 23. f4 Bf6 24. Nc5 Rb4 25. Be3 Rd8 26. d7 Rxb2 27. Nb7 Rb8 28. Bd4 R2xb7 29. Bxb7 Bxd4+ 30. Rxd4 Rd8 31. Bxa6 Nf6 32. Bb5 Kf8 33. Kg2 Ke7 34. Ra4 Rb8 35. Bc6 Kd6 36. Ra6 Nxd7 37. Bxd7+ Kxd7 38. Ra7+ Ke8 39. Kf3 Rb3+ 40. Ke4 Kf8 41. Ra2 h6 42. Rc2 Kg7 43. Ra2 f5+ 44. Ke5 Re3+ 45. Kd6 Kf6 46. Kd7 Rd3+ 47. Ke8 g5 48. Ra7 gxf4 49. gxf4 Rd4 50. Rf7+ Kg6 51. Ke7 Rxf4 52. Rf6+ Kg5 53. Kxe6 Re4+ 54. Kf7 f4 55. Rg6+ Kf5 56. Rxh6 f3 57. Rf6+ Kg4 58. Rg6+ Kf4 59. h4 Re5 60. Rg1 Rh5 0-1

[Event "RUS-chT Premier 2021"]
[White "Makarian,Rudik"]
[Black "Alexeev,Alexey"]
[WhiteTeam "Школа М. Ботвинника"]
[BlackTeam "Киммерия"]
[Site "Sochi"]
[Round "5.21"]
[Annotator "ChessBase"]
[Result "1-0"]
[Date "2021.05.05"]
[WhiteElo "2468"]
[BlackElo "2243"]
[PlyCount "107"]
[TimeControl "60"]

1. d4 d5 2. c4 c6 3. Nf3 Nf6 4. Nc3 dxc4 5. a4 Bf5 6. Ne5 Nbd7 7. Nxc4 Qc7 8. g3 e5 9. dxe5 Nxe5 10. Bf4 Nfd7 11. Bg2 g5 12. Bxe5 Nxe5 13. Qd4 f6 14. 0-0 Be6 15. Nxe5 Qxe5 16. Qxe5 fxe5 17. a5 a6 18. Ne4 Be7 19. Rfc1 0-0-0 20. Nc5 Bd5 21. Ra4 Kc7 22. Rb4 Bxc5 23. Rxc5 Rhg8 24. Bxd5 Rxd5 25. Rxd5 cxd5 26. Rb6 g4 27. Re6 e4 28. e3 Rg7 29. Rf6 Rd7 30. Kf1 d4 31. exd4 Rxd4 32. Rf7+ Kc6 33. Rxh7 Rb4 34. Rg7 Rxb2 35. Rxg4 Rb5 36. Rg6+ Kc7 37. h4 Rxa5 38. g4 e3 39. h5 Ra1+ 40. Ke2 a5 41. Rg5 exf2 42. Kxf2 Rh1 43. Kg2 Rh4 44. Kg3 Rh1 45. Rxa5 Kd6 46. Kf4 Ke7 47. Rb5 Kf7 48. Rxb7+ Kg8 49. Kg5 Ra1 50. h6 Ra5+ 51. Kg6 Ra6+ 52. Kh5 Rc6 53. g5 Ra6 54. Rb8+ 1-0

[Event "RUS-chT Premier 2021"]
[White "Babakekhyan,Artem"]
[Black "Afanasiev,Nikita"]
[WhiteTeam "Киммерия"]
[BlackTeam "Школа М. Ботвинника"]
[Site "Sochi"]
[Round "5.22"]
[Annotator "ChessBase"]
[Result "0-1"]
[Date "2021.05.05"]
[WhiteElo "2214"]
[BlackElo "2529"]
[PlyCount "78"]
[TimeControl "60"]

1. Nf3 g6 2. g3 Bg7 3. c4 c5 4. Bg2 Nc6 5. Nc3 d6 6. d3 Bf5 7. 0-0 Qc8 8. Rb1 Bh3 9. Bxh3 Qxh3 10. Nd5 Qd7 11. a3 e6 12. Ne3 Nge7 13. b4 0-0 14. Bb2 e5 15. Nd5 Nxd5 16. cxd5 Nd4 17. Bxd4 cxd4 18. Qb3 Bh6 19. b5 Rfc8 20. Rfd1 Rc3 21. Qb4 Rac8 22. Rb3 R3c5 23. Kg2 Rxd5 24. Nd2 Bxd2 25. Rxd2 h5 26. h4 Kg7 27. a4 f5 28. Rbb2 Rdc5 29. e3 dxe3 30. fxe3 b6 31. Qb3 Qb7+ 32. Kh2 Rc1 33. Rg2 Qf7 34. Qb4 Qd5 35. e4 Qxd3 36. exf5 Qf1 37. f6+ Kh7 38. Kh3 R8c2 39. Qe4 Qh1+ 0-1

[Event "RUS-chT Premier 2021"]
[White "Kukhmazov,Arsen"]
[Black "Pervakov,Sergey"]
[WhiteTeam "Школа М. Ботвинника"]
[BlackTeam "Киммерия"]
[Site "Sochi"]
[Round "5.23"]
[Annotator "ChessBase"]
[Result "1-0"]
[Date "2021.05.05"]
[WhiteElo "2451"]
[BlackElo "2056"]
[PlyCount "51"]
[TimeControl "60"]

1. d4 d5 2. c4 c6 3. Nf3 Nf6 4. Nc3 dxc4 5. a4 Bf5 6. Ne5 Nbd7 7. Nxc4 Qc7 8. g3 e5 9. dxe5 Nxe5 10. Bf4 Nfd7 11. Qc1 Be6 12. Nxe5 Nxe5 13. Bg2 Qa5 14. 0-0 Be7 15. Nb5 cxb5 16. Bxe5 Rc8 17. Qe3 0-0 18. Bxb7 Rc5 19. Bd4 Rc4 20. axb5 Qc7 21. Bc6 a5 22. Bb6 Qd6 23. Bxa5 Bf6 24. Rad1 Bd4 25. b3 Qc5 26. Qd3 1-0